 Dungeon Crawl Stone Soup version 0.25-a0-404-gc1b5a34292 (console) character file.

Game seed: 9527421694775844703, levelgen mode: classic

30 firegrace the Sneak (level 3, -3/16 HPs)
             Began as a Spriggan Enchanter on July 4, 2019.
             Slain by a gnoll
             ... wielding a cursed -2 spear
              (10 damage)
             ... on level 2 of the Dungeon on Jan 10, 2020.
             The game lasted 00:07:17 (1509 turns).

firegrace the Sneak (Spriggan Enchanter)            Turns: 1509, Time: 00:07:18

Health: -3/16      AC:  2    Str:  4    XL:     3   Next: 3%
Magic:  8/8        EV: 18    Int: 17    God:
Gold:   38         SH:  0    Dex: 16    Spells: 5/8 levels left

rFire    . . .     SeeInvis +   a - +1 dagger
rCold    . . .     Gourm    .   (shield restricted)
rNeg     . . .     Faith    .   b - +0 robe
rPois    .         Spirit   .   (helmet restricted)
rElec    .         Reflect  .   (no cloak)
rCorr    .         Harm     .   (gloves unavailable)
MR       .....                  (boots unavailable)
Stlth    +++.......             (no amulet)
HPRegen  0.05/turn              (no ring)
MPRegen  0.11/turn              (no ring)

@: very quick
A: very small, unfitting armour, see invisible, herbivore, speed 3, slow
metabolism 2
a: no special abilities


You were on level 2 of the Dungeon.
You were not hungry.

You visited 1 branch of the dungeon, and saw 2 of its levels.

You collected 38 gold pieces.

Inventory:

Hand Weapons
 a - a +1 dagger (weapon)
 f - a +0 dagger
Armour
 b - a +0 robe (worn)
 g - a +0 leather armour
Scrolls
 c - 3 scrolls of identify {unknown}
 e - a scroll of remove curse {unknown}
Comestibles
 d - 4 rations


   Skills:
 - Level 0.1 Fighting
 - Level 1.1 Short Blades
 + Level 3.3 Dodging
 + Level 5.0 Stealth
 - Level 0.3 Unarmed Combat
 * Level 3.0 Spellcasting
 + Level 3.9 Hexes
 + Level 0.3 Ice Magic


You had 5 spell levels left.
You knew the following spells:

 Your Spells              Type           Power        Failure   Level  Hunger
a - Corona                Hex            ###....      3%          1    None
h - Ensorcelled Hibernat  Hex/Ice        #.....       11%         2    ##.....

Your spell library contained the following spells:

 Spells                   Type           Power        Failure   Level  Hunger
 Confusing Touch          Hex            ###.....     11%         3    ###....
 Tukima's Dance           Hex            ###.....     11%         3    ###....
 Dazzling Flash           Conj/Hex       #.....       24%         3    ###....


Dungeon Overview and Level Annotations

Branches:
Dungeon (2/15)

Altars:


Innate Abilities, Weirdness & Mutations

You are very small and have problems with some larger weapons.
You are too small for most types of armour.
You have supernaturally acute eyesight. (SInv)
You are a herbivore.
You cover ground extremely quickly.
You need to consume almost no food.


Message History

There is an escape hatch in the floor here.
You slide downwards.
The hatch slams shut behind you.
You see here a leather armour.
g - a leather armour You now have 32 gold pieces (gained 19).
You now have 38 gold pieces (gained 6).
You see here a ring mail.
A frilled lizard and a gnoll come into view.
The gnoll shouts!
The frilled lizard hisses angrily.
You hear a shout! x3
A gnoll comes into view.
A rat comes into view.
You hit the gnoll but do no damage.
The gnoll hits you with a cursed -2 spear.
You hit the gnoll.
The gnoll is lightly wounded.
The gnoll hits you with a cursed -2 spear.
A gnoll comes into view. It is wielding a +0 flail.
The gnoll hits you from afar with a cursed -2 spear!
Ouch! That really hurt!
You die...

.....# ..?.. ....
g..## !..# .l# #g#
#### #.##### ##...
#@....###..#
#.###.##..########
#............[.##.
#.############....
..# ###.. ... #.#
...r #..# ##.#
#.## #. #. ..


You could see a gnoll, a frilled lizard and a rat (sleeping).

Vanquished Creatures
  A dart slug (D:1)
  A leopard gecko (D:1)
  A giant cockroach (D:1)
  3 goblins (D:1)
  5 hobgoblins (D:1)
  3 jackals (D:1)
  4 kobolds (D:1)
  2 bats (D:1)
  A frilled lizard (D:1)
  3 rats (D:1)
24 creatures vanquished.

Notes
Turn   | Place    | Note
-------+----------+-------------------------------------------
     0 | D:1      | firegrace the Spriggan Enchanter began the quest for the
                  | Orb.
     0 | D:1      | Reached XP level 1. HP: 9/9 MP: 5/5
   535 | D:1      | Reached XP level 2. HP: 13/13 MP: 6/6
   676 | D:1      | Learned a level 2 spell: Ensorcelled Hibernation
   854 | D:1      | Reached skill level 5 in Stealth
  1216 | D:1      | Reached XP level 3. HP: 16/16 MP: 8/8
  1392 | D:1      | Upgraded the game from 0.24-a0-464-g6b2be6b8c7 to
                  | 0.25-a0-404-gc1b5a34292
  1509 | D:2      | Slain by a gnoll

Levels and vault maps discovered:
D:1:      dpeg_arrival_rhombus, layout_basic
D:2:      layout_rooms

Skill      XL: |  1  2 |
---------------+-------+-----
Stealth        | 5 |  5.0
Spellcasting   | 3 |  3.0
Fighting       | |  0.1
Short Blades   | |  1.1
Dodging        | |  3.3
Unarmed Combat | |  0.3
Hexes          | |  3.9
Ice Magic      | |  0.3

Action                   || total
-------------------------++-------
Melee: Dagger            ||    82
 Cast: Ensorcelled Hiber ||     9
 Stab: Sleeping          ||    13
       Distracted        ||     1
Armor: Robe              ||    15
Dodge: Dodged            ||    62

Table legend:
 A = Non-vault XP
 B = Vault XP
 C = Vault XP percentage of total XP
 D = Non-vault monster count
 E = Vault monster count
 F = Vault count percentage of total count
                 A         B        C        D         E       F
            +---------+---------+-------+---------+---------+-------
      Total |      43 |       0 |   0.0 |      24 |       0 |   0.0
            +---------+---------+-------+---------+---------+-------
        D:1 |      43 |       0 |   0.0 |      24 |       0 |   0.0
            +---------+---------+-------+---------+---------+-------
